 Dungeon Crawl Stone Soup version 0.21.1-1-g345015fe64 (webtiles) character file.

5698 Mrkan the Cleaver (level 10, -3/86 HPs)
             Began as a Minotaur Fighter on May 4, 2018.
             Was a Follower of Uskayaw.
             Splashed by a crimson imp's acid (12 damage)
             ... on level 8 of the Dungeon.
             The game lasted 00:28:12 (9027 turns).

Mrkan the Cleaver (Minotaur Fighter)                Turns: 9027, Time: 00:28:12

Health: -3/86      AC: 11    Str: 24    XL:     10   Next: 47%
Magic:  12/12      EV:  7    Int:  5    God:    Uskayaw [*.....]
Gold:   299        SH: 17    Dex: 10    Spells: 9/9 levels left

rFire    . . .     SeeInvis .   a - +0 war axe
rCold    + . .     Gourm    .   c - +0 shield
rNeg     . . .     Faith    .   K - +0 plate armour
rPois    .         Spirit   .   (helmet restricted)
rElec    .         Reflect  +   (no cloak)
rCorr    .         Harm     .   (no gloves)
MR       .....                  s - +0 pair of boots
Stlth    ..........             L - +6 amulet of reflection
HPRegen  0.24/turn              u - ring of stealth
MPRegen  0.13/turn              y - ring of protection from cold

@: corroded
A: retaliatory headbutt, horns 2
a: Stomp, Renounce Religion


You were on level 8 of the Dungeon.
You worshipped Uskayaw.
Uskayaw was noncommittal.
You were not hungry.

You visited 2 branches of the dungeon, and saw 9 of its levels.

You collected 488 gold pieces.
You spent 189 gold pieces at shops.

Inventory:

Hand Weapons
 a - a +0 war axe (weapon)
 C - a cursed -1 halberd
 G - the +4 whip "Riduosinn" {slash, Dex+4, unknown}
   (You found it on level 5 of the Dungeon)

   It inflicts extra damage upon your enemies.
   It affects your dexterity (+4).
 H - a +0 halberd of freezing
Missiles
 J - 4 poisoned tomahawks (quivered)
Armour
 b - a +0 scale mail
 c - a +0 shield (worn)
 j - a +0 chain mail
 s - a +0 pair of boots (worn)
 A - a +4 ring mail of cold resistance
 K - a +0 plate armour (worn)
Jewellery
 u - a ring of stealth (left hand)
 y - a ring of protection from cold (right hand)
 L - a +6 amulet of reflection (around neck)
Wands
 x - a wand of digging (14)
Scrolls
 e - 13 scrolls of identify {unknown}
 k - a scroll of enchant armour {unknown}
 l - a scroll of fear {unknown}
 m - 5 scrolls of remove curse {unknown}
 n - 5 scrolls of teleportation {unknown}
 p - 2 scrolls of enchant weapon {unknown}
 r - a scroll of fog {unknown}
 t - 2 scrolls of noise {unknown}
 v - 2 scrolls of amnesia {unknown}
 B - 2 scrolls of blinking {unknown}
 D - a scroll of random uselessness {unknown}
 E - a scroll of immolation {unknown}
 I - 2 scrolls of magic mapping {unknown}
 M - a scroll of holy word {unknown}
Potions
 d - 4 potions of might
 g - a potion of magic {unknown}
 h - 2 potions of haste {unknown}
 i - a potion of heal wounds
 o - 2 potions of curing {unknown}
 q - a potion of brilliance {unknown}
 w - 2 potions of resistance {unknown}
 z - a potion of cancellation {unknown}
 F - a potion of invisibility {unknown}
 N - 4 potions of lignification {unknown}
 O - a potion of degeneration {unknown}
Comestibles
 f - 11 rations


   Skills:
 + Level 7.4 Fighting
 + Level 11.6 Axes
 + Level 8.6 Armour
 + Level 3.3 Dodging
 - Level 1.1 Stealth
 + Level 8.7 Shields
 * Level 4.8 Invocations


You had 9 spell levels left.
You didn't know any spells.

Dungeon Overview and Level Annotations

Branches:
Dungeon (8/15)             Temple (1/1) D:5
   Lair: D:8-11

Altars:
Ashenzari
Cheibriados
Dithmenos
Elyvilon
Fedhas
Gozag
Hepliaklqana
Kikubaaqudgha
Makhleb
Nemelex Xobeh
Okawaru
Qazlal
Ru
Sif Muna
Trog
Uskayaw
Vehumet
Wu Jian
Xom
Yredelemnul
Zin
The Shining One

Shops:
D:5 [   D:8 [


Innate Abilities, Weirdness & Mutations

You reflexively headbutt those who attack you in melee.
You have a pair of horns on your head.


Message History

The crimson imp hits you but does no damage.
You hit the crimson imp.
The crimson imp is moderately wounded.
The crimson imp zaps a wand.
The bolt of acid hits you! The acid corrodes you!
You are splashed with acid!
The acid burns!
* * * LOW HITPOINT WARNING * * *
Your plate armour prevents you from hitting the crimson imp.
You headbutt the crimson imp!
The crimson imp is almost dead.
You block the crimson imp's attack.
You closely miss the crimson imp.
The crimson imp is almost dead.
The crimson imp blinks!
The crimson imp blinks!
You are no longer corroded.
The crimson imp blinks!
The crimson imp zaps a wand.
The bolt of acid hits you!
* * * LOW HITPOINT WARNING * * *
The acid corrodes you!
You are splashed with acid!
The acid burns!
You die...

..# ##..## ##....#
##... ..## ##..##
#.....## ##.. ...#
##..## ##..>...## ##.
...##
##..####...#....## ##
....##
##.......####...## #
.....## ##.....##
##...### ......##
##.....# ##.....
.......# ####......#
#.....
.......#####....@....##
##....
.............######5..#
##..... #######...####
#...#####...... #..##
##....#......##. ##.#
#....5.....##### #.#
##..###....## #.#
##..## ##..## #.#
##.### #...###### ##.#
##.## ##........


You could see a crimson imp.

Vanquished Creatures
  2 two-headed ogres (D:8)
  The ghost of BirdOfPrey the Fighter, a novice DEWz of Sif Muna (D:8)
  A hornet (D:8)
  A hippogriff (D:8)
  Grinder (D:5)
  A wyvern (D:8)
  Edmund (D:5)
  Menkaure (D:4)
  3 orc warriors
  2 phantoms
  A black bear (D:6)
  A sky beast (D:5)
  2 ice beasts
  An ogre (D:8)
  2 centaurs
  2 big kobolds
  A wyvern zombie (D:6)
  2 bullfrogs (D:6)
  A scorpion (D:7)
  2 howler monkeys (D:5)
  5 crimson imps
  4 hounds
  7 orc priests
  2 bullfrog skeletons
  2 jellies
  Jessica (D:3)
  Ijyb (D:4)
  An iguana (D:5)
  Natasha (thrice) (D:4)
  9 orc wizards
  6 worker ants
  5 adders
  7 gnolls
  A howler monkey skeleton (D:5)
  A shadow imp (D:8)
  4 worms
  4 dart slugs
  4 leopard geckos
  41 orcs
  4 giant cockroaches
  4 goblins
  9 hobgoblins
  2 jackals (D:3)
  6 quokkas
  3 ball pythons
  2 bats
  4 frilled lizards
  22 kobolds
  10 rats
203 creatures vanquished.

Notes
Turn   | Place    | Note
-------+----------+-------------------------------------------
     0 | D:1      | Mrkan the Minotaur Fighter began the quest for the Orb.
     0 | D:1      | Reached XP level 1. HP: 19/19 MP: 0/0
   236 | D:1      | Reached XP level 2. HP: 27/27 MP: 1/1
  1107 | D:2      | Reached XP level 3. HP: 33/33 MP: 2/2
  1694 | D:3      | Reached skill level 3 in Axes
  1719 | D:3      | Reached XP level 4. HP: 32/40 MP: 3/3
  2045 | D:3      | Noticed Jessica
  2078 | D:3      | Reached skill level 4 in Axes
  2092 | D:3      | Killed Jessica
  2092 | D:3      | Reached XP level 5. HP: 22/46 MP: 4/4
  2664 | D:4      | Reached skill level 5 in Armour
  2666 | D:4      | Noticed Menkaure
  2673 | D:4      | Killed Menkaure
  2673 | D:4      | Reached skill level 5 in Axes
  2673 | D:4      | Reached XP level 6. HP: 16/53 MP: 5/5
  2752 | D:4      | Reached skill level 5 in Shields
  3071 | D:4      | Noticed Natasha
  3115 | D:4      | Killed Natasha
  3115 | D:4      | Reached XP level 7. HP: 19/60 MP: 6/6
  3226 | D:4      | Noticed Natasha
  3233 | D:4      | Killed Natasha
  3233 | D:4      | Reached skill level 6 in Axes
  3392 | D:4      | Reached skill level 1 in Dodging
  3410 | D:4      | Noticed Ijyb
  3432 | D:4      | Killed Ijyb
  3724 | D:4      | Noticed Natasha
  3732 | D:4      | Killed Natasha
  3858 | D:4      | Reached skill level 7 in Axes
  3878 | D:4      | Found a glowing golden altar of the Shining One.
  3969 | D:5      | Entered Level 5 of the Dungeon
  3994 | D:5      | Reached skill level 5 in Fighting
  4082 | D:5      | Reached XP level 8. HP: 61/68 MP: 7/7
  4157 | D:5      | Found Ossebus's Antique Armour Emporium.
  4163 | D:5      | Bought a glowing ring mail for 189 gold pieces
  4179 | D:5      | Noticed Edmund
  4211 | D:5      | Killed Edmund
  4361 | D:5      | Found a blossoming altar of Fedhas.
  4385 | D:5      | Reached skill level 8 in Axes
  4470 | D:5      | Found a staircase to the Ecumenical Temple.
  4476 | Temple   | Entered the Ecumenical Temple
  4557 | Temple   | Became a worshipper of Uskayaw the Reveler
  4572 | D:5      | Reached * piety under Uskayaw
  4574 | D:5      | Reached ** piety under Uskayaw
  4579 | D:5      | Reached *** piety under Uskayaw
  4584 | D:5      | Reached **** piety under Uskayaw
  4902 | D:5      | Got a jewelled whip
  5048 | D:5      | Noticed Grinder
  5056 | D:5      | Paralysed by Grinder for 6 turns
  5064 | D:5      | Killed Grinder
  5064 | D:5      | Reached skill level 1 in Stealth
  5368 | D:6      | Reached skill level 9 in Axes
  5657 | D:6      | Found a glowing golden altar of the Shining One.
  5726 | D:6      | Reached skill level 1 in Invocations
  5865 | D:6      | Reached XP level 9. HP: 68/75 MP: 7/9
  5865 | D:6      | Reached ***** piety under Uskayaw
  6497 | D:7      | Reached skill level 10 in Axes
  7342 | D:8      | Noticed a two-headed ogre
  7360 | D:8      | Killed a two-headed ogre
  7717 | D:8      | Noticed BirdOfPrey's ghost (novice DEWz)
  7743 | D:8      | Killed BirdOfPrey's ghost
  7743 | D:8      | Reached skill level 11 in Axes
  7743 | D:8      | Reached XP level 10. HP: 31/86 MP: 10/12
  7978 | D:8      | Found Paagadonk's Antique Armour Shoppe.
  8076 | D:8      | Noticed a two-headed ogre
  8085 | D:8      | Killed a two-headed ogre
  9027 | D:8      | Splashed by a crimson imp's acid

Skill      XL: |  1  2  3  4  5  6  7  8  9 |
---------------+----------------------------+-----
Armour         | 4 5 6 7 8 |  8.6
Shields        | 4 5 6 8 |  8.7
Fighting       | 4 5 6 7 |  7.4
Axes           | 3 4 5 7 9 11 | 11.6
Dodging        | 1 2 3 |  3.3
Stealth        | 1 |  1.1
Invocations    | 1 4 |  4.8

Action                   |  1- 3 |  4- 6 |  7- 9 | 10-12 || total
-------------------------+-------+-------+-------+-------++-------
Melee: War axe           |   108 |   146 |   353 |    61 ||   668
       Headbutt          |    22 |    21 |    66 |    12 ||   121
Invok: Stomp             |       |       |     2 |       ||     2
  Use: Potion            |       |     1 |       |     2 ||     3
 Stab: Paralysed         |       |       |    17 |     4 ||    21
  Eat: Ration            |     1 |       |     2 |       ||     3
       Chunk             |       |     4 |    10 |     3 ||    17
Armor: Scale mail        |    14 |       |       |       ||    14
       Chain mail        |    24 |   104 |    39 |       ||   167
       Ring mail         |       |       |    42 |       ||    42
       Plate armour      |       |       |    47 |    11 ||    58
Dodge: Dodged            |    29 |    31 |    97 |    10 ||   167
Block: Shield            |    64 |    77 |   199 |    46 ||   386
       Reflection        |       |       |       |     1 ||     1
